[ PARTIDA AOE2 · #457575264 ]
UnrankedJemeres vs Mongols
[ ANÁLISIS DE REPETICIÓN · EXTRAÍDO DE LA PARTIDA GRABADA ]
Feudal
10:36
Castillos
13:45
Imperial
28:33
| APM promedio | 45.7 |
| APM pico | 72 |
| eAPM promedio | 29.2 |
| Aldeanos / militares | 165 / 205 |
Foco
⚔️ 32.2% · 🌾 67.8%
Battle Elephant ×118 · Knight ×38 · Scorpion ×36 · Trebuchet (Packed) ×9 · Scout Cavalry ×3 · Monk ×1
Feudal
9:41
Castillos
13:14
Imperial
26:40
| APM promedio | 49.3 |
| APM pico | 104 |
| eAPM promedio | 28.4 |
| Aldeanos / militares | 167 / 343 |
Foco
⚔️ 43.2% · 🌾 56.8%
Scout Cavalry ×187 · Mangudai ×145 · Trebuchet (Packed) ×5 · Monk ×3 · Battering Ram ×3 · Trade Cart ×2
Feudal
9:47
Castillos
42:04
Imperial
—
| APM promedio | 24.9 |
| APM pico | 52 |
| eAPM promedio | 15.9 |
| Aldeanos / militares | 87 / 45 |
Foco
⚔️ 23.2% · 🌾 76.8%
Skirmisher ×45
Feudal
8:02
Castillos
22:01
Imperial
43:48
| APM promedio | 53.5 |
| APM pico | 90 |
| eAPM promedio | 35.9 |
| Aldeanos / militares | 205 / 255 |
Foco
⚔️ 36.7% · 🌾 63.3%
Spearman ×142 · Kamayuk ×82 · Unknown (2550) ×36 · Battering Ram ×16 · Mangonel ×13 · Scorpion ×2
Feudal
10:08
Castillos
13:47
Imperial
29:00
| APM promedio | 52.6 |
| APM pico | 99 |
| eAPM promedio | 34.1 |
| Aldeanos / militares | 191 / 364 |
Foco
⚔️ 41.7% · 🌾 58.3%
Scout Cavalry ×225 · Mangudai ×131 · Trebuchet (Packed) ×6 · Monk ×1 · Battering Ram ×1
Feudal
23:59
Castillos
35:49
Imperial
—
| APM promedio | 37.0 |
| APM pico | 91 |
| eAPM promedio | 21.9 |
| Aldeanos / militares | 179 / 19 |
Foco
⚔️ 34.6% · 🌾 65.4%
Skirmisher ×17 · Archer ×2
Feudal
10:32
Castillos
14:58
Imperial
48:13
| APM promedio | 42.0 |
| APM pico | 78 |
| eAPM promedio | 28.0 |
| Aldeanos / militares | 194 / 42 |
Foco
⚔️ 23.1% · 🌾 76.9%
Skirmisher ×33 · Unknown (1952) ×7 · Monk ×5 · Mangonel ×2 · Scorpion ×2 · Trade Cart ×2
Feudal
12:45
Castillos
16:19
Imperial
—
| APM promedio | 16.8 |
| APM pico | 54 |
| eAPM promedio | 10.5 |
| Aldeanos / militares | 71 / 117 |
Foco
⚔️ 39.0% · 🌾 61.0%
Arambai ×101 · Battering Ram ×9 · Mangonel ×4 · Petard ×3
Mapa de la partida
Recursos iniciales + cada clic de construcción. Líneas = muros · curvas = relieve. ◆ oro · ⬟ piedra · ● bayas · ✦ reliquia · ◌ hueco del cierre
Tu base· Abierta — flanco sin cerrar
Base de Hiiki· Abierta — flanco sin cerrar
Base de OPOSSUM· Abierta — hueco de 2t
Base de Ginger lee fondle your meatballs· Abierta — flanco sin cerrar
Base de 别打我· Abierta — flanco sin cerrar
Base de Linkn00· Abierta — flanco sin cerrar
Base de Sun
Base de EpicSprout· Abierta — flanco sin cerrar
Terreno inicial suavizado · ◌ = hueco del cierre detectado · pasá el cursor para detalles
Inputs por minuto
— RomerAge - - Hiiki
Build order — RomerAge
Primeras 150 de 608 acciones detectadas
| 0:01 | Crear | Villager (Male) |
| 0:01 | Crear | Villager (Male) |
| 0:02 | Crear | Villager (Male) |
| 0:02 | Crear | Villager (Male) |
| 0:03 | Construir | House |
| 0:04 | Construir | House |
| 1:27 | Crear | Villager (Male) |
| 1:46 | Construir | Lumber Camp |
| 2:03 | Crear | Villager (Male) |
| 2:03 | Crear | Villager (Male) |
| 2:18 | Crear | Villager (Male) |
| 2:18 | Crear | Villager (Male) |
| 2:48 | Crear | Villager (Male) |
| 2:48 | Crear | Villager (Male) |
| 3:05 | Crear | Villager (Male) |
| 3:36 | Crear | Villager (Male) |
| 3:37 | Crear | Villager (Male) |
| 3:51 | Crear | Villager (Male) |
| 3:55 | Construir | House |
| 4:15 | Construir | Mill |
| 4:28 | Crear | Villager (Male) |
| 4:28 | Crear | Villager (Male) |
| 5:06 | Crear | Villager (Male) |
| 5:08 | Crear | Villager (Male) |
| 5:09 | Crear | Villager (Male) |
| 5:28 | Crear | Villager (Male) |
| 5:37 | Construir | House |
| 5:42 | Crear | Villager (Male) |
| 6:07 | Crear | Villager (Male) |
| 6:08 | Crear | Villager (Male) |
| 7:02 | Construir | Mill |
| 7:10 | Crear | Villager (Male) |
| 7:35 | Crear | Villager (Male) |
| 7:59 | Crear | Villager (Male) |
| 8:05 | Construir | Mining Camp |
| 8:20 | Investigar | Feudal Age |
| 8:21 | Investigar | Feudal Age |
| 9:23 | Construir | Farm |
| 9:32 | Construir | Farm |
| 9:53 | Construir | Farm |
| 10:22 | Construir | Farm |
| 10:36 | Edad | Edad Feudal |
| 10:38 | Crear | Villager (Male) |
| 10:40 | Construir | Farm |
| 10:59 | Construir | Farm |
| 11:05 | Investigar | Castle Age |
| 11:05 | Investigar | Castle Age |
| 11:05 | Investigar | Castle Age |
| 11:22 | Construir | House |
| 11:49 | Investigar | Double-Bit Axe |
| 11:50 | Investigar | Double-Bit Axe |
| 12:05 | Construir | House |
| 12:29 | Investigar | Horse Collar |
| 13:45 | Edad | Edad de los Castillos |
| 13:45 | Crear | Villager (Male) |
| 13:48 | Crear | Villager (Male) |
| 13:53 | Construir | Town Center |
| 14:15 | Crear | Villager (Male) |
| 14:18 | Investigar | Heavy Plow |
| 14:18 | Investigar | Heavy Plow |
| 14:26 | Investigar | Bow Saw |
| 14:26 | Investigar | Bow Saw |
| 14:34 | Crear | Villager (Male) |
| 15:02 | Crear | Villager (Male) |
| 15:02 | Crear | Villager (Male) |
| 15:09 | Construir | Town Center |
| 15:18 | Crear | Villager (Male) |
| 15:35 | Investigar | Heavy Plow |
| 15:35 | Investigar | Heavy Plow |
| 15:55 | Crear | Villager (Male) |
| 15:56 | Crear | Villager (Male) |
| 16:11 | Crear | Villager (Male) |
| 16:11 | Crear | Villager (Male) |
| 16:18 | Construir | Farm |
| 16:19 | Construir | Farm |
| 16:23 | Crear | Villager (Male) |
| 16:32 | Crear | Villager (Male) |
| 16:36 | Crear | Villager (Male) |
| 16:48 | Construir | Farm |
| 16:49 | Construir | Farm |
| 16:50 | Construir | Farm |
| 16:51 | Construir | Farm |
| 16:52 | Construir | Farm |
| 16:52 | Construir | Farm |
| 16:58 | Crear | Villager (Male) |
| 17:06 | Construir | Farm |
| 17:07 | Construir | Farm |
| 17:11 | Crear | Villager (Male) |
| 17:15 | Construir | House |
| 17:16 | Construir | House |
| 17:25 | Construir | Stable |
| 17:32 | Crear | Villager (Male) |
| 17:36 | Construir | Farm |
| 17:38 | Construir | Farm |
| 17:43 | Crear | Villager (Male) |
| 17:43 | Crear | Villager (Male) |
| 17:44 | Crear | Villager (Male) |
| 17:48 | Construir | Farm |
| 17:55 | Crear | Villager (Male) |
| 18:07 | Crear | Villager (Male) |
| 18:15 | Crear | Villager (Male) |
| 18:18 | Construir | Farm |
| 18:19 | Construir | Farm |
| 18:23 | Investigar | Stone Mining |
| 18:23 | Investigar | Stone Mining |
| 18:25 | Crear | Villager (Male) |
| 18:29 | Crear | Villager (Male) |
| 18:30 | Construir | House |
| 18:31 | Construir | House |
| 18:32 | Construir | House |
| 18:33 | Crear | Villager (Male) |
| 18:43 | Crear | Villager (Male) |
| 18:43 | Crear | Villager (Male) |
| 18:46 | Construir | House |
| 18:47 | Construir | House |
| 18:51 | Crear | Knight |
| 18:59 | Crear | Villager (Male) |
| 19:01 | Construir | Farm |
| 19:01 | Construir | Farm |
| 19:06 | Crear | Villager (Male) |
| 19:07 | Crear | Villager (Male) |
| 19:11 | Construir | Farm |
| 19:20 | Crear | Villager (Male) |
| 19:22 | Crear | Villager (Male) |
| 19:29 | Crear | Villager (Male) |
| 19:33 | Construir | Farm |
| 19:36 | Construir | Farm |
| 19:42 | Crear | Villager (Male) |
| 19:42 | Crear | Villager (Male) |
| 19:45 | Construir | House |
| 19:56 | Crear | Villager (Male) |
| 20:11 | Construir | House |
| 20:12 | Crear | Villager (Male) |
| 20:12 | Crear | Villager (Male) |
| 20:12 | Crear | Villager (Male) |
| 20:13 | Crear | Villager (Male) |
| 20:21 | Crear | Villager (Male) |
| 20:24 | Construir | Town Center |
| 20:30 | Investigar | Gold Mining |
| 20:30 | Investigar | Gold Mining |
| 20:31 | Crear | Villager (Male) |
| 20:32 | Crear | Villager (Male) |
| 20:51 | Construir | House |
| 20:52 | Crear | Villager (Male) |
| 20:53 | Crear | Villager (Male) |
| 21:03 | Construir | Monastery |
| 21:04 | Crear | Villager (Male) |
| 21:05 | Crear | Villager (Male) |
| 21:30 | Construir | Farm |
| 21:31 | Construir | Farm |
Build order — Hiiki
Primeras 150 de 616 acciones detectadas
| 0:01 | Crear | Villager (Male) |
| 0:02 | Construir | House |
| 0:03 | Construir | House |
| 0:05 | Crear | Villager (Male) |
| 0:05 | Crear | Villager (Male) |
| 0:06 | Crear | Villager (Male) |
| 0:06 | Crear | Villager (Male) |
| 1:27 | Crear | Villager (Male) |
| 1:59 | Crear | Villager (Male) |
| 2:01 | Construir | Lumber Camp |
| 2:13 | Crear | Villager (Male) |
| 2:47 | Crear | Villager (Male) |
| 3:13 | Crear | Villager (Male) |
| 3:14 | Crear | Villager (Male) |
| 3:34 | Crear | Villager (Male) |
| 3:35 | Crear | Villager (Male) |
| 3:41 | Construir | House |
| 4:20 | Crear | Villager (Male) |
| 4:20 | Crear | Villager (Male) |
| 4:33 | Construir | Mill |
| 4:50 | Crear | Villager (Male) |
| 5:07 | Construir | House |
| 5:15 | Crear | Villager (Male) |
| 5:45 | Crear | Villager (Male) |
| 5:45 | Crear | Villager (Male) |
| 6:28 | Crear | Villager (Male) |
| 6:54 | Construir | Mining Camp |
| 7:05 | Crear | Villager (Male) |
| 7:31 | Investigar | Feudal Age |
| 7:54 | Crear | Villager (Male) |
| 7:54 | Crear | Villager (Male) |
| 9:14 | Investigar | Loom |
| 9:41 | Edad | Edad Feudal |
| 9:42 | Construir | Market |
| 9:44 | Construir | Blacksmith |
| 10:34 | Investigar | Castle Age |
| 10:34 | Investigar | Castle Age |
| 11:17 | Investigar | Horse Collar |
| 11:37 | Investigar | Double-Bit Axe |
| 11:37 | Investigar | Double-Bit Axe |
| 11:56 | Construir | Farm |
| 12:02 | Construir | Farm |
| 12:26 | Construir | Farm |
| 12:29 | Crear | Villager (Male) |
| 13:14 | Edad | Edad de los Castillos |
| 13:27 | Construir | Town Center |
| 13:29 | Crear | Villager (Male) |
| 13:47 | Construir | House |
| 13:48 | Construir | House |
| 13:54 | Crear | Villager (Male) |
| 14:07 | Investigar | Bow Saw |
| 14:33 | Crear | Villager (Male) |
| 14:37 | Construir | Farm |
| 14:38 | Construir | Farm |
| 14:56 | Crear | Villager (Male) |
| 14:59 | Construir | Farm |
| 15:01 | Crear | Villager (Male) |
| 15:01 | Crear | Villager (Male) |
| 15:06 | Construir | House |
| 15:06 | Construir | House |
| 15:14 | Crear | Villager (Male) |
| 15:23 | Construir | Farm |
| 15:28 | Crear | Villager (Male) |
| 15:32 | Construir | Farm |
| 15:53 | Crear | Villager (Male) |
| 15:54 | Construir | Monastery |
| 16:03 | Construir | House |
| 16:13 | Construir | Farm |
| 16:15 | Crear | Villager (Male) |
| 16:17 | Construir | Farm |
| 16:30 | Crear | Monk |
| 16:30 | Crear | Monk |
| 16:35 | Crear | Villager (Male) |
| 16:39 | Construir | Farm |
| 16:40 | Construir | Farm |
| 16:44 | Construir | House |
| 16:45 | Construir | House |
| 16:46 | Crear | Villager (Male) |
| 16:46 | Crear | Villager (Male) |
| 17:03 | Construir | Farm |
| 17:06 | Construir | Farm |
| 17:07 | Crear | Villager (Male) |
| 17:10 | Crear | Monk |
| 17:12 | Crear | Villager (Male) |
| 17:12 | Crear | Villager (Male) |
| 17:24 | Construir | Mining Camp |
| 17:29 | Construir | Mining Camp |
| 17:31 | Crear | Villager (Male) |
| 17:31 | Crear | Villager (Male) |
| 17:34 | Construir | Farm |
| 17:36 | Construir | House |
| 17:41 | Construir | Farm |
| 17:41 | Crear | Villager (Male) |
| 17:42 | Crear | Villager (Male) |
| 17:50 | Construir | Lumber Camp |
| 17:52 | Crear | Villager (Male) |
| 18:05 | Crear | Villager (Male) |
| 18:06 | Crear | Villager (Male) |
| 18:09 | Construir | Farm |
| 18:12 | Crear | Villager (Male) |
| 18:29 | Construir | House |
| 18:29 | Construir | House |
| 18:30 | Crear | Villager (Male) |
| 18:30 | Crear | Villager (Male) |
| 18:48 | Crear | Villager (Male) |
| 18:48 | Crear | Villager (Male) |
| 18:49 | Crear | Villager (Male) |
| 18:58 | Construir | University |
| 19:00 | Crear | Villager (Male) |
| 19:04 | Construir | Farm |
| 19:06 | Crear | Villager (Male) |
| 19:11 | Construir | Farm |
| 19:14 | Construir | Farm |
| 19:15 | Crear | Villager (Male) |
| 19:15 | Crear | Villager (Male) |
| 19:19 | Construir | Farm |
| 19:20 | Crear | Villager (Male) |
| 19:24 | Construir | Farm |
| 19:30 | Construir | House |
| 19:43 | Construir | Mining Camp |
| 19:50 | Crear | Villager (Male) |
| 19:57 | Investigar | Gold Mining |
| 19:57 | Investigar | Gold Mining |
| 20:13 | Crear | Villager (Male) |
| 20:13 | Crear | Villager (Male) |
| 20:15 | Crear | Villager (Male) |
| 20:24 | Construir | Farm |
| 20:25 | Construir | Farm |
| 20:28 | Construir | Farm |
| 20:35 | Crear | Villager (Male) |
| 20:38 | Construir | Farm |
| 20:51 | Crear | Villager (Male) |
| 20:54 | Construir | Farm |
| 21:00 | Construir | Farm |
| 21:13 | Crear | Villager (Male) |
| 21:14 | Crear | Villager (Male) |
| 21:31 | Investigar | Wheelbarrow |
| 21:44 | Crear | Villager (Male) |
| 21:45 | Crear | Villager (Male) |
| 22:00 | Construir | Barracks |
| 22:17 | Crear | Villager (Male) |
| 22:23 | Construir | Farm |
| 22:25 | Construir | Farm |
| 22:32 | Construir | Farm |
| 22:33 | Crear | Villager (Male) |
| 22:51 | Crear | Villager (Male) |
| 22:52 | Crear | Villager (Male) |
| 23:28 | Construir | Castle |
| 23:30 | Investigar | Imperial Age |
| 23:34 | Investigar | Ballistics |
Build order — OPOSSUM
Primeras 150 de 243 acciones detectadas
| 0:01 | Crear | Villager (Male) ×4 |
| 0:02 | Construir | House |
| 0:03 | Construir | House |
| 1:29 | Crear | Villager (Male) |
| 1:46 | Construir | Lumber Camp |
| 1:56 | Crear | Villager (Male) |
| 2:15 | Crear | Villager (Male) |
| 2:41 | Construir | House |
| 2:41 | Construir | House |
| 2:56 | Crear | Villager (Male) |
| 3:03 | Crear | Villager (Male) |
| 3:28 | Construir | House |
| 3:43 | Crear | Villager (Male) |
| 3:58 | Crear | Villager (Male) |
| 4:30 | Crear | Villager (Male) |
| 4:51 | Crear | Villager (Male) |
| 5:15 | Crear | Villager (Male) |
| 5:39 | Crear | Villager (Male) |
| 5:53 | Crear | Villager (Male) |
| 5:59 | Construir | Mining Camp |
| 6:15 | Investigar | Loom |
| 7:23 | Construir | House |
| 7:27 | Construir | House |
| 7:37 | Investigar | Feudal Age |
| 7:46 | Construir | House |
| 7:49 | Construir | Palisade Wall |
| 7:52 | Construir | Palisade Wall |
| 7:57 | Construir | Palisade Wall |
| 7:59 | Construir | Palisade Wall |
| 8:02 | Construir | Palisade Wall |
| 8:40 | Construir | Mill |
| 9:07 | Construir | Palisade Wall |
| 9:16 | Crear | Villager (Male) |
| 9:47 | Crear | Villager (Male) |
| 9:47 | Edad | Edad Feudal |
| 9:51 | Construir | Watch Tower |
| 10:00 | Construir | Watch Tower |
| 10:08 | Crear | Villager (Male) |
| 10:56 | Crear | Villager (Male) |
| 11:33 | Construir | Building 490 |
| 11:51 | Crear | Villager (Male) |
| 11:52 | Crear | Villager (Male) |
| 11:57 | Construir | Blacksmith |
| 12:32 | Crear | Villager (Male) |
| 12:32 | Crear | Villager (Male) |
| 12:47 | Construir | Watch Tower |
| 13:02 | Construir | Stone Wall |
| 13:05 | Crear | Villager (Male) |
| 13:41 | Crear | Villager (Male) |
| 14:01 | Construir | Watch Tower |
| 14:08 | Construir | Watch Tower |
| 14:20 | Crear | Villager (Male) |
| 14:37 | Crear | Villager (Male) |
| 15:07 | Crear | Villager (Male) |
| 15:24 | Crear | Villager (Male) |
| 16:55 | Construir | Watch Tower |
| 18:23 | Construir | Watch Tower |
| 18:24 | Construir | Watch Tower |
| 21:21 | Construir | Palisade Wall |
| 21:23 | Construir | Palisade Wall |
| 21:25 | Construir | Palisade Wall |
| 21:40 | Construir | Watch Tower |
| 23:13 | Construir | Watch Tower |
| 25:40 | Construir | Stone Wall |
| 25:41 | Construir | Stone Wall |
| 25:43 | Construir | Stone Wall |
| 26:07 | Construir | Lumber Camp |
| 27:51 | Construir | Town Center |
| 28:33 | Construir | Farm |
| 28:34 | Construir | Farm |
| 29:06 | Construir | Farm |
| 29:06 | Construir | Farm |
| 29:06 | Construir | Farm |
| 29:29 | Construir | Farm |
| 29:29 | Construir | Farm |
| 29:35 | Construir | Farm |
| 29:57 | Crear | Villager (Male) |
| 29:57 | Crear | Villager (Male) |
| 30:01 | Construir | Farm |
| 30:03 | Construir | Farm |
| 30:35 | Crear | Villager (Male) |
| 30:36 | Crear | Villager (Male) |
| 30:56 | Crear | Villager (Male) |
| 31:12 | Crear | Villager (Male) |
| 31:32 | Construir | Mining Camp |
| 31:57 | Crear | Villager (Male) |
| 32:09 | Construir | House |
| 32:29 | Crear | Villager (Male) |
| 32:29 | Crear | Villager (Male) |
| 32:48 | Construir | Mill |
| 32:55 | Crear | Villager (Male) |
| 33:24 | Crear | Villager (Male) |
| 33:55 | Crear | Villager (Male) |
| 33:55 | Crear | Villager (Male) |
| 34:14 | Construir | House |
| 34:40 | Crear | Villager (Male) |
| 35:10 | Crear | Villager (Male) |
| 35:25 | Crear | Villager (Male) |
| 35:43 | Crear | Villager (Male) |
| 36:24 | Crear | Villager (Male) |
| 36:25 | Crear | Villager (Male) |
| 36:45 | Construir | House |
| 36:46 | Construir | House |
| 37:08 | Construir | Mining Camp |
| 37:28 | Crear | Villager (Male) |
| 37:43 | Construir | Market |
| 37:55 | Crear | Villager (Male) |
| 37:55 | Crear | Villager (Male) |
| 38:18 | Crear | Villager (Male) |
| 38:47 | Crear | Villager (Male) |
| 39:24 | Investigar | Castle Age |
| 40:14 | Crear | Villager (Male) |
| 40:14 | Crear | Villager (Male) |
| 40:45 | Investigar | Padded Archer Armor |
| 41:59 | Construir | Farm |
| 42:00 | Construir | Farm |
| 42:04 | Edad | Edad de los Castillos |
| 42:06 | Crear | Villager (Male) |
| 42:13 | Construir | Town Center |
| 42:20 | Investigar | Double-Bit Axe |
| 42:26 | Construir | Barracks |
| 42:33 | Construir | House |
| 42:36 | Construir | House |
| 42:36 | Construir | House |
| 42:43 | Investigar | Leather Archer Armor |
| 43:16 | Construir | Archery Range |
| 43:18 | Crear | Villager (Male) |
| 43:18 | Crear | Villager (Male) |
| 43:23 | Construir | Farm |
| 43:53 | Construir | Archery Range |
| 44:13 | Crear | Villager (Male) |
| 44:16 | Crear | Villager (Male) |
| 44:33 | Crear | Skirmisher |
| 44:45 | Investigar | Bow Saw |
| 44:48 | Crear | Villager (Male) |
| 44:52 | Construir | Farm |
| 44:53 | Crear | Skirmisher |
| 44:54 | Crear | Skirmisher |
| 45:05 | Construir | Farm |
| 45:07 | Crear | Villager (Male) |
| 45:08 | Crear | Villager (Male) |
| 45:10 | Crear | Villager (Male) |
| 45:15 | Construir | Farm |
| 45:18 | Construir | Farm |
| 45:22 | Crear | Villager (Male) |
| 45:23 | Crear | Skirmisher |
| 45:23 | Crear | Skirmisher |
| 45:34 | Crear | Villager (Male) |
| 45:42 | Crear | Skirmisher |
| 45:43 | Crear | Skirmisher |
Build order — Ginger lee fondle your meatballs
Primeras 150 de 695 acciones detectadas
| 0:02 | Crear | Villager (Male) |
| 0:02 | Crear | Villager (Male) |
| 0:03 | Construir | House |
| 0:04 | Construir | House |
| 0:15 | Crear | Villager (Male) |
| 0:15 | Crear | Villager (Male) |
| 1:25 | Crear | Villager (Male) |
| 1:58 | Crear | Villager (Male) |
| 1:58 | Crear | Villager (Male) |
| 2:09 | Crear | Villager (Male) |
| 2:09 | Crear | Villager (Male) |
| 2:19 | Construir | Settlement |
| 2:54 | Crear | Villager (Male) |
| 2:54 | Crear | Villager (Male) |
| 3:29 | Crear | Villager (Male) |
| 3:59 | Crear | Villager (Male) |
| 4:31 | Crear | Villager (Male) |
| 5:02 | Crear | Villager (Male) |
| 5:12 | Investigar | Loom |
| 5:48 | Investigar | Feudal Age |
| 5:48 | Investigar | Feudal Age |
| 6:14 | Construir | Settlement |
| 6:45 | Crear | Villager (Male) |
| 7:06 | Crear | Villager (Male) |
| 7:13 | Crear | Villager (Male) |
| 7:24 | Construir | Outpost |
| 7:35 | Crear | Villager (Male) |
| 8:02 | Edad | Edad Feudal |
| 8:04 | Construir | Watch Tower |
| 8:15 | Crear | Villager (Male) |
| 8:33 | Crear | Villager (Male) |
| 8:42 | Investigar | Double-Bit Axe |
| 9:07 | Construir | Blacksmith |
| 9:11 | Crear | Villager (Male) |
| 9:36 | Crear | Villager (Male) |
| 9:55 | Construir | Settlement |
| 10:16 | Construir | Watch Tower |
| 10:27 | Crear | Villager (Male) |
| 10:36 | Construir | Watch Tower |
| 10:47 | Crear | Villager (Male) |
| 11:19 | Crear | Villager (Male) |
| 11:47 | Crear | Villager (Male) |
| 12:06 | Crear | Villager (Male) |
| 12:07 | Crear | Villager (Male) |
| 12:11 | Investigar | Fletching |
| 12:12 | Investigar | Fletching |
| 12:24 | Construir | Watch Tower |
| 12:31 | Crear | Villager (Male) |
| 12:50 | Crear | Villager (Male) |
| 13:23 | Construir | Watch Tower |
| 13:28 | Crear | Villager (Male) |
| 13:30 | Crear | Villager (Male) |
| 13:31 | Construir | Farm |
| 13:35 | Investigar | Horse Collar |
| 13:46 | Construir | Farm |
| 13:50 | Construir | Farm |
| 14:05 | Construir | Stone Wall |
| 14:07 | Construir | Stone Wall |
| 14:09 | Construir | Stone Wall |
| 14:14 | Crear | Villager (Male) |
| 14:21 | Crear | Villager (Male) |
| 14:48 | Construir | Palisade Wall |
| 14:50 | Construir | Palisade Wall |
| 15:01 | Crear | Villager (Male) |
| 15:04 | Crear | Villager (Male) |
| 15:07 | Construir | Palisade Wall |
| 15:13 | Construir | Palisade Wall |
| 15:17 | Crear | Villager (Male) |
| 15:18 | Crear | Villager (Male) |
| 15:34 | Construir | Farm |
| 15:34 | Construir | Farm |
| 15:35 | Construir | Farm |
| 15:35 | Construir | Farm |
| 15:38 | Crear | Villager (Male) |
| 15:39 | Construir | Farm |
| 15:39 | Construir | Farm |
| 15:40 | Construir | Farm |
| 15:40 | Construir | Farm |
| 15:40 | Construir | Farm |
| 15:41 | Crear | Villager (Male) |
| 16:06 | Construir | Farm |
| 16:09 | Construir | Farm |
| 16:49 | Crear | Villager (Male) |
| 16:53 | Crear | Villager (Male) |
| 17:03 | Construir | Settlement |
| 17:31 | Crear | Villager (Male) |
| 18:00 | Construir | Market |
| 18:21 | Crear | Villager (Male) |
| 18:42 | Construir | Barracks |
| 19:21 | Investigar | Castle Age |
| 19:21 | Investigar | Castle Age |
| 19:25 | Construir | Barracks |
| 19:40 | Crear | Unit 2550 |
| 19:48 | Crear | Unit 2550 |
| 20:00 | Investigar | Gold Mining |
| 20:00 | Investigar | Gold Mining |
| 20:10 | Crear | Unit 2550 |
| 20:17 | Crear | Villager (Male) |
| 20:29 | Crear | Unit 2550 |
| 20:34 | Crear | Unit 2550 |
| 20:37 | Crear | Unit 2550 |
| 20:52 | Crear | Unit 2550 |
| 21:11 | Crear | Unit 2550 |
| 21:22 | Construir | Farm |
| 21:23 | Construir | Farm |
| 21:23 | Construir | Farm |
| 21:27 | Crear | Unit 2550 |
| 21:27 | Crear | Unit 2550 |
| 21:29 | Investigar | Tech 1402 |
| 21:47 | Crear | Unit 2550 |
| 21:48 | Investigar | Scale Mail Armor |
| 21:49 | Investigar | Scale Mail Armor |
| 22:01 | Edad | Edad de los Castillos |
| 22:02 | Crear | Unit 2550 |
| 22:04 | Crear | Villager (Male) |
| 22:08 | Crear | Villager (Male) |
| 22:11 | Crear | Villager (Male) |
| 22:14 | Construir | Town Center |
| 22:18 | Crear | Villager (Male) |
| 22:21 | Construir | Town Center |
| 22:35 | Crear | Villager (Male) |
| 22:37 | Crear | Unit 2550 |
| 22:48 | Crear | Unit 2550 |
| 22:53 | Investigar | Chain Mail Armor |
| 23:14 | Investigar | Bow Saw |
| 23:16 | Crear | Villager (Male) |
| 23:18 | Investigar | Tech 1351 |
| 23:20 | Crear | Unit 2550 |
| 23:25 | Crear | Villager (Male) |
| 23:38 | Crear | Unit 2550 |
| 23:48 | Construir | Farm |
| 23:49 | Crear | Villager (Male) |
| 23:54 | Construir | Farm |
| 23:54 | Crear | Villager (Male) |
| 24:06 | Crear | Villager (Male) |
| 24:06 | Crear | Villager (Male) |
| 24:08 | Construir | Farm |
| 24:08 | Construir | Farm |
| 24:08 | Construir | Farm |
| 24:08 | Construir | Farm |
| 24:09 | Construir | Farm |
| 24:15 | Crear | Villager (Male) |
| 24:23 | Construir | Farm |
| 24:24 | Crear | Villager (Male) |
| 24:36 | Crear | Villager (Male) |
| 24:43 | Crear | Villager (Male) |
| 24:51 | Crear | Villager (Male) |
| 24:55 | Crear | Villager (Male) |
| 24:57 | Construir | Farm |
| 24:57 | Construir | Farm |
Build order — 别打我
Primeras 150 de 793 acciones detectadas
| 0:03 | Crear | Villager (Male) |
| 0:03 | Crear | Villager (Male) |
| 0:05 | Construir | House |
| 0:06 | Construir | House |
| 0:16 | Crear | Villager (Male) |
| 0:26 | Crear | Villager (Male) |
| 0:26 | Crear | Villager (Male) |
| 1:31 | Crear | Villager (Male) |
| 1:31 | Crear | Villager (Male) |
| 1:47 | Construir | Lumber Camp |
| 1:53 | Crear | Villager (Male) |
| 1:54 | Crear | Villager (Male) |
| 2:11 | Crear | Villager (Male) |
| 2:12 | Crear | Villager (Male) |
| 2:44 | Crear | Villager (Male) |
| 2:44 | Crear | Villager (Male) |
| 3:02 | Crear | Villager (Male) |
| 3:06 | Construir | House |
| 3:07 | Construir | House |
| 3:43 | Crear | Villager (Male) |
| 3:45 | Crear | Villager (Male) |
| 3:45 | Crear | Villager (Male) |
| 3:45 | Crear | Villager (Male) |
| 4:11 | Crear | Villager (Male) |
| 4:18 | Crear | Villager (Male) |
| 4:18 | Crear | Villager (Male) |
| 5:02 | Crear | Villager (Male) |
| 5:12 | Construir | Mill |
| 5:16 | Crear | Villager (Male) |
| 5:16 | Crear | Villager (Male) |
| 5:16 | Crear | Villager (Male) |
| 5:17 | Crear | Villager (Male) |
| 7:10 | Construir | Mill |
| 7:55 | Investigar | Feudal Age |
| 7:56 | Investigar | Feudal Age |
| 8:47 | Construir | Farm |
| 9:18 | Crear | Villager (Male) |
| 9:18 | Crear | Villager (Male) |
| 10:08 | Edad | Edad Feudal |
| 10:15 | Construir | Market |
| 10:17 | Construir | Blacksmith |
| 10:23 | Construir | Farm |
| 11:05 | Crear | Villager (Male) |
| 11:07 | Investigar | Castle Age |
| 11:07 | Investigar | Castle Age |
| 11:08 | Investigar | Castle Age |
| 11:10 | Construir | Lumber Camp |
| 11:41 | Construir | House |
| 11:42 | Construir | House |
| 11:42 | Construir | House |
| 11:53 | Investigar | Double-Bit Axe |
| 11:53 | Investigar | Double-Bit Axe |
| 12:19 | Investigar | Horse Collar |
| 12:20 | Investigar | Horse Collar |
| 12:23 | Construir | Farm |
| 12:25 | Construir | Farm |
| 13:15 | Construir | House |
| 13:24 | Crear | Villager (Male) |
| 13:47 | Edad | Edad de los Castillos |
| 13:52 | Construir | Town Center |
| 13:59 | Construir | Town Center |
| 14:05 | Crear | Villager (Male) |
| 14:18 | Investigar | Bow Saw |
| 14:19 | Investigar | Bow Saw |
| 14:31 | Construir | Farm |
| 14:31 | Construir | Farm |
| 14:41 | Construir | Farm |
| 14:42 | Crear | Villager (Male) |
| 14:42 | Crear | Villager (Male) |
| 14:48 | Construir | Farm |
| 14:49 | Construir | Farm |
| 14:59 | Crear | Villager (Male) |
| 15:00 | Crear | Villager (Male) |
| 15:16 | Construir | Farm |
| 15:17 | Construir | Farm |
| 15:23 | Crear | Villager (Male) |
| 15:38 | Crear | Villager (Male) |
| 15:51 | Crear | Villager (Male) |
| 15:56 | Construir | Farm |
| 15:59 | Construir | Farm |
| 16:00 | Construir | Farm |
| 16:00 | Construir | Farm |
| 16:00 | Construir | Farm |
| 16:04 | Crear | Villager (Male) |
| 16:05 | Crear | Villager (Male) |
| 16:09 | Construir | Farm |
| 16:18 | Crear | Villager (Male) |
| 16:20 | Construir | Farm |
| 16:28 | Crear | Villager (Male) |
| 16:28 | Crear | Villager (Male) |
| 16:31 | Construir | Farm |
| 16:42 | Construir | Farm |
| 16:45 | Crear | Villager (Male) |
| 16:45 | Crear | Villager (Male) |
| 16:45 | Crear | Villager (Male) |
| 16:50 | Construir | Farm |
| 16:51 | Crear | Villager (Male) |
| 16:51 | Crear | Villager (Male) |
| 17:00 | Crear | Villager (Male) |
| 17:00 | Crear | Villager (Male) |
| 17:04 | Construir | Farm |
| 17:06 | Crear | Villager (Male) |
| 17:06 | Crear | Villager (Male) |
| 17:15 | Crear | Villager (Male) |
| 17:21 | Crear | Villager (Male) |
| 17:21 | Crear | Villager (Male) |
| 17:36 | Construir | Monastery |
| 17:37 | Crear | Villager (Male) |
| 17:37 | Crear | Villager (Male) |
| 17:37 | Crear | Villager (Male) |
| 17:51 | Crear | Villager (Male) |
| 17:57 | Crear | Villager (Male) |
| 18:09 | Construir | Farm |
| 18:11 | Crear | Villager (Male) |
| 18:16 | Crear | Villager (Male) |
| 18:30 | Crear | Villager (Male) |
| 18:32 | Construir | Mining Camp |
| 18:36 | Crear | Villager (Male) |
| 18:40 | Crear | Villager (Male) |
| 18:46 | Crear | Villager (Male) |
| 18:55 | Construir | Town Center |
| 18:59 | Crear | Villager (Male) |
| 19:06 | Crear | Villager (Male) |
| 19:07 | Construir | Farm |
| 19:09 | Crear | Villager (Male) |
| 19:13 | Crear | Villager (Male) |
| 19:16 | Construir | Farm |
| 19:16 | Construir | Farm |
| 19:16 | Construir | Farm |
| 19:24 | Crear | Villager (Male) |
| 19:25 | Construir | Farm |
| 19:29 | Crear | Villager (Male) |
| 19:32 | Construir | House |
| 19:39 | Investigar | Wheelbarrow |
| 19:39 | Investigar | Wheelbarrow |
| 19:47 | Construir | House |
| 19:51 | Construir | House |
| 19:52 | Crear | Villager (Male) |
| 20:01 | Crear | Villager (Male) |
| 20:02 | Crear | Villager (Male) |
| 20:02 | Construir | Farm |
| 20:04 | Construir | Farm |
| 20:06 | Crear | Villager (Male) |
| 20:12 | Construir | Farm |
| 20:16 | Crear | Villager (Male) |
| 20:21 | Crear | Monk |
| 20:23 | Crear | Villager (Male) |
| 20:25 | Construir | Farm |
| 20:31 | Construir | House |
| 20:37 | Construir | Farm |
Build order — Linkn00
Primeras 150 de 225 acciones detectadas
| 0:02 | Crear | Villager (Male) ×5 |
| 0:02 | Crear | Villager (Male) |
| 0:02 | Crear | Villager (Male) ×5 |
| 0:02 | Crear | Villager (Male) |
| 0:04 | Construir | House |
| 0:07 | Construir | House |
| 1:39 | Crear | Villager (Male) |
| 2:06 | Construir | Lumber Camp |
| 2:22 | Crear | Villager (Male) ×2 |
| 2:22 | Crear | Villager (Male) |
| 2:44 | Crear | Villager (Male) |
| 2:50 | Crear | Villager (Male) |
| 3:24 | Construir | House |
| 3:43 | Crear | Villager (Male) |
| 4:00 | Crear | Villager (Male) ×2 |
| 4:00 | Crear | Villager (Male) |
| 4:00 | Crear | Villager (Male) ×2 |
| 4:34 | Crear | Villager (Male) ×2 |
| 4:35 | Crear | Villager (Male) |
| 5:10 | Crear | Villager (Male) ×3 |
| 5:10 | Crear | Villager (Male) |
| 5:19 | Construir | House |
| 5:30 | Crear | Villager (Male) |
| 6:27 | Investigar | Loom |
| 6:27 | Crear | Villager (Male) |
| 6:38 | Crear | Villager (Male) |
| 6:38 | Crear | Villager (Male) |
| 6:38 | Crear | Villager (Male) |
| 7:24 | Crear | Villager (Male) |
| 7:43 | Crear | Villager (Male) |
| 7:48 | Construir | Mill |
| 8:02 | Construir | Town Center |
| 9:07 | Crear | Villager (Male) ×3 |
| 9:07 | Crear | Villager (Male) ×3 |
| 9:14 | Crear | Villager (Male) |
| 10:09 | Crear | Villager (Male) |
| 10:36 | Construir | Town Center |
| 11:24 | Crear | Villager (Male) ×4 |
| 11:48 | Construir | House |
| 11:54 | Crear | Villager (Male) |
| 12:25 | Crear | Villager (Male) |
| 13:01 | Crear | Villager (Male) |
| 13:32 | Crear | Villager (Male) |
| 13:33 | Crear | Villager (Male) |
| 13:43 | Crear | Villager (Male) |
| 13:44 | Crear | Villager (Male) |
| 14:04 | Crear | Villager (Male) |
| 14:20 | Crear | Villager (Male) |
| 14:26 | Crear | Villager (Male) |
| 14:46 | Construir | House |
| 15:34 | Crear | Villager (Male) |
| 15:34 | Crear | Villager (Male) |
| 16:04 | Construir | Palisade Wall |
| 16:51 | Construir | Palisade Wall |
| 18:09 | Construir | Town Center |
| 18:17 | Construir | Town Center |
| 18:28 | Construir | Palisade Wall |
| 18:31 | Construir | Palisade Wall |
| 18:55 | Crear | Villager (Male) ×5 |
| 19:21 | Construir | Mill |
| 19:47 | Crear | Villager (Male) ×4 |
| 19:48 | Crear | Villager (Male) |
| 19:52 | Construir | House |
| 19:56 | Crear | Villager (Male) |
| 20:51 | Crear | Villager (Male) |
| 21:37 | Construir | House |
| 21:51 | Construir | House |
| 21:55 | Investigar | Feudal Age |
| 22:01 | Construir | Palisade Wall |
| 22:24 | Construir | Farm |
| 22:34 | Construir | Lumber Camp |
| 22:47 | Construir | Farm |
| 22:48 | Construir | Farm |
| 22:48 | Construir | Farm |
| 22:50 | Construir | Farm |
| 22:51 | Construir | Farm |
| 23:05 | Construir | Farm |
| 23:59 | Edad | Edad Feudal |
| 24:09 | Construir | Farm |
| 24:10 | Construir | Farm |
| 24:12 | Construir | Farm |
| 24:18 | Construir | Mining Camp |
| 26:06 | Investigar | Wheelbarrow |
| 26:30 | Construir | Farm |
| 26:40 | Construir | Market |
| 26:43 | Construir | Blacksmith |
| 28:12 | Investigar | Double-Bit Axe |
| 28:14 | Investigar | Horse Collar |
| 30:29 | Construir | Mining Camp |
| 31:29 | Construir | Lumber Camp |
| 32:18 | Construir | Town Center |
| 33:24 | Investigar | Castle Age |
| 34:28 | Crear | Villager (Male) ×5 |
| 35:26 | Construir | Farm |
| 35:30 | Construir | Farm |
| 35:49 | Edad | Edad de los Castillos |
| 35:52 | Construir | Town Center |
| 35:53 | Crear | Villager (Male) |
| 35:56 | Crear | Villager (Male) |
| 36:28 | Construir | Farm |
| 36:48 | Crear | Villager (Male) |
| 36:56 | Crear | Villager (Male) |
| 37:03 | Construir | Farm |
| 37:29 | Crear | Villager (Male) |
| 37:34 | Crear | Villager (Male) |
| 37:39 | Construir | Farm |
| 37:43 | Crear | Villager (Male) ×3 |
| 37:53 | Construir | Farm |
| 38:13 | Construir | Farm |
| 38:32 | Crear | Villager (Male) |
| 38:38 | Construir | Farm |
| 38:46 | Crear | Villager (Male) |
| 38:52 | Construir | Farm |
| 39:08 | Construir | Farm |
| 39:23 | Crear | Villager (Male) |
| 39:27 | Construir | Farm |
| 39:28 | Crear | Villager (Male) |
| 39:48 | Construir | Farm |
| 39:48 | Crear | Villager (Male) |
| 39:54 | Construir | Farm |
| 40:04 | Construir | Farm |
| 40:05 | Crear | Villager (Male) ×2 |
| 40:22 | Crear | Villager (Male) |
| 40:22 | Crear | Villager (Male) |
| 40:26 | Construir | Farm |
| 40:38 | Crear | Villager (Male) |
| 40:38 | Crear | Villager (Male) |
| 40:41 | Construir | Farm |
| 40:50 | Crear | Villager (Male) |
| 40:55 | Crear | Villager (Male) |
| 41:14 | Crear | Villager (Male) |
| 41:15 | Crear | Villager (Male) |
| 41:30 | Construir | House |
| 41:31 | Construir | House |
| 41:46 | Construir | House |
| 41:53 | Construir | Farm |
| 41:55 | Construir | Farm |
| 41:57 | Construir | Farm |
| 42:03 | Construir | Farm |
| 42:22 | Crear | Villager (Male) |
| 42:26 | Crear | Villager (Male) ×5 |
| 42:30 | Construir | House |
| 42:54 | Crear | Villager (Male) ×5 |
| 43:11 | Investigar | Bow Saw |
| 43:18 | Construir | House |
| 43:19 | Construir | House |
| 43:27 | Crear | Villager (Male) |
| 43:48 | Construir | Town Center |
| 43:53 | Crear | Villager (Male) |
| 43:59 | Crear | Villager (Male) ×5 |
Build order — Sun
Primeras 150 de 461 acciones detectadas
| 0:02 | Crear | Villager (Male) |
| 0:02 | Crear | Villager (Male) |
| 0:03 | Construir | House |
| 0:05 | Construir | House |
| 0:06 | Crear | Villager (Male) |
| 0:06 | Crear | Villager (Male) |
| 1:29 | Crear | Villager (Male) |
| 1:45 | Crear | Villager (Male) |
| 1:45 | Crear | Villager (Male) |
| 2:15 | Construir | Lumber Camp |
| 2:16 | Crear | Villager (Male) |
| 2:32 | Crear | Villager (Male) |
| 2:32 | Crear | Villager (Male) |
| 3:01 | Crear | Villager (Male) |
| 3:21 | Crear | Villager (Male) |
| 3:21 | Crear | Villager (Male) |
| 3:31 | Construir | House |
| 3:44 | Crear | Villager (Male) |
| 4:08 | Crear | Villager (Male) |
| 4:08 | Crear | Villager (Male) |
| 4:17 | Construir | Mill |
| 4:31 | Crear | Villager (Male) |
| 4:31 | Crear | Villager (Male) |
| 4:56 | Construir | House |
| 5:05 | Crear | Villager (Male) |
| 5:19 | Crear | Villager (Male) |
| 5:27 | Construir | House |
| 6:06 | Crear | Villager (Male) |
| 6:10 | Construir | Mill |
| 6:32 | Crear | Villager (Male) |
| 6:58 | Crear | Villager (Male) |
| 7:13 | Crear | Villager (Male) |
| 7:43 | Investigar | Loom |
| 8:03 | Investigar | Feudal Age |
| 8:03 | Investigar | Feudal Age |
| 8:28 | Construir | House |
| 8:58 | Construir | Palisade Wall |
| 9:03 | Construir | Palisade Wall |
| 9:19 | Construir | Mining Camp |
| 9:23 | Construir | House |
| 9:47 | Crear | Villager (Male) |
| 9:57 | Construir | House |
| 10:02 | Construir | Palisade Wall |
| 10:13 | Crear | Villager (Male) |
| 10:32 | Edad | Edad Feudal |
| 10:34 | Crear | Villager (Male) |
| 10:40 | Construir | Market |
| 10:54 | Crear | Villager (Male) |
| 11:06 | Construir | Palisade Wall |
| 11:06 | Construir | Palisade Wall |
| 11:29 | Construir | Blacksmith |
| 12:01 | Construir | House |
| 12:18 | Investigar | Castle Age |
| 12:19 | Investigar | Castle Age |
| 13:25 | Construir | House |
| 13:29 | Construir | House |
| 13:47 | Construir | Building 490 |
| 14:08 | Crear | Villager (Male) |
| 14:23 | Crear | Villager (Male) |
| 14:58 | Edad | Edad de los Castillos |
| 15:03 | Construir | Siege Workshop |
| 15:48 | Crear | Mangonel |
| 16:12 | Construir | Farm |
| 16:19 | Crear | Mangonel |
| 16:50 | Construir | Building 487 |
| 17:43 | Construir | House |
| 17:48 | Construir | Monastery |
| 17:56 | Crear | Villager (Male) |
| 18:14 | Construir | House |
| 18:32 | Crear | Monk |
| 19:11 | Construir | Farm |
| 19:19 | Construir | House |
| 19:27 | Crear | Monk |
| 19:46 | Construir | House |
| 19:51 | Construir | Farm |
| 19:57 | Crear | Villager (Male) |
| 20:00 | Crear | Monk |
| 20:06 | Crear | Villager (Male) |
| 20:13 | Crear | Villager (Male) |
| 20:26 | Construir | House |
| 20:27 | Crear | Villager (Male) |
| 20:34 | Construir | Farm |
| 20:44 | Crear | Villager (Male) |
| 20:48 | Construir | Monastery |
| 20:57 | Crear | Villager (Male) |
| 20:59 | Construir | Farm |
| 21:00 | Crear | Villager (Male) |
| 21:06 | Construir | Town Center |
| 21:16 | Construir | House |
| 21:23 | Crear | Villager (Male) |
| 21:24 | Construir | Farm |
| 21:35 | Investigar | Horse Collar |
| 21:35 | Crear | Villager (Male) |
| 21:46 | Crear | Villager (Male) |
| 22:03 | Crear | Villager (Male) |
| 22:06 | Construir | House |
| 22:08 | Construir | Farm |
| 22:11 | Construir | House |
| 22:19 | Crear | Villager (Male) |
| 22:31 | Crear | Villager (Male) |
| 22:42 | Investigar | Double-Bit Axe |
| 22:45 | Construir | House |
| 23:01 | Crear | Villager (Male) |
| 23:16 | Construir | Building 487 |
| 23:22 | Construir | House |
| 23:39 | Construir | Building 487 |
| 23:40 | Crear | Villager (Male) |
| 23:43 | Crear | Villager (Male) |
| 23:49 | Construir | House |
| 23:55 | Construir | Farm |
| 23:56 | Crear | Monk |
| 24:02 | Crear | Villager (Male) |
| 24:05 | Construir | Farm |
| 24:06 | Construir | Farm |
| 24:13 | Construir | Farm |
| 24:15 | Construir | Farm |
| 24:34 | Construir | Stone Wall |
| 24:37 | Crear | Villager (Male) |
| 24:40 | Construir | Farm |
| 24:46 | Construir | Farm |
| 24:46 | Construir | Farm |
| 24:59 | Construir | House |
| 25:00 | Crear | Villager (Male) |
| 25:13 | Crear | Monk |
| 25:19 | Crear | Villager (Male) |
| 25:22 | Construir | Farm |
| 25:23 | Construir | Farm |
| 25:25 | Crear | Villager (Male) |
| 25:27 | Construir | Mining Camp |
| 25:34 | Crear | Villager (Male) |
| 25:54 | Crear | Villager (Male) |
| 25:59 | Construir | Farm |
| 26:03 | Crear | Villager (Male) |
| 26:06 | Construir | House |
| 26:07 | Crear | Villager (Male) |
| 26:12 | Crear | Scorpion |
| 26:13 | Crear | Villager (Male) |
| 26:22 | Investigar | Wheelbarrow |
| 26:29 | Crear | Villager (Male) |
| 26:39 | Crear | Villager (Male) |
| 26:41 | Construir | House |
| 27:01 | Crear | Scorpion |
| 27:06 | Construir | House |
| 27:07 | Crear | Villager (Male) |
| 27:13 | Crear | Villager (Male) |
| 27:19 | Crear | Villager (Male) |
| 27:46 | Construir | Building 487 |
| 28:01 | Construir | Building 487 |
| 28:05 | Construir | House |
| 28:09 | Construir | House |
Build order — EpicSprout
Primeras 150 de 253 acciones detectadas
| 0:02 | Crear | Villager (Male) |
| 0:02 | Crear | Villager (Male) |
| 0:02 | Crear | Villager (Male) |
| 0:04 | Construir | House |
| 0:05 | Construir | House |
| 0:06 | Crear | Villager (Male) |
| 0:06 | Crear | Villager (Male) |
| 1:25 | Crear | Villager (Male) |
| 1:25 | Crear | Villager (Male) |
| 1:52 | Construir | Lumber Camp |
| 2:04 | Crear | Villager (Male) |
| 2:04 | Crear | Villager (Male) |
| 2:19 | Crear | Villager (Male) |
| 2:20 | Crear | Villager (Male) |
| 3:01 | Crear | Villager (Male) |
| 3:01 | Crear | Villager (Male) |
| 3:09 | Crear | Villager (Male) |
| 3:09 | Crear | Villager (Male) |
| 3:10 | Crear | Villager (Male) |
| 3:42 | Crear | Villager (Male) |
| 3:42 | Crear | Villager (Male) |
| 4:00 | Crear | Villager (Male) |
| 4:00 | Crear | Villager (Male) |
| 4:06 | Construir | House |
| 4:07 | Construir | House |
| 4:36 | Crear | Villager (Male) |
| 4:36 | Crear | Villager (Male) |
| 4:54 | Crear | Villager (Male) |
| 4:54 | Crear | Villager (Male) |
| 4:57 | Construir | House |
| 4:59 | Construir | House |
| 5:11 | Construir | Mill |
| 5:29 | Crear | Villager (Male) |
| 5:57 | Crear | Villager (Male) |
| 5:58 | Crear | Villager (Male) |
| 5:58 | Crear | Villager (Male) |
| 6:23 | Crear | Villager (Male) |
| 6:53 | Construir | Farm |
| 6:57 | Construir | Farm |
| 7:10 | Crear | Villager (Male) |
| 7:15 | Construir | Mill |
| 7:40 | Crear | Villager (Male) |
| 7:40 | Crear | Villager (Male) |
| 8:11 | Crear | Villager (Male) |
| 8:41 | Crear | Villager (Male) |
| 8:51 | Crear | Villager (Male) |
| 8:51 | Crear | Villager (Male) |
| 8:59 | Construir | Mining Camp |
| 9:07 | Construir | Farm |
| 9:32 | Construir | Farm |
| 9:56 | Construir | Farm |
| 10:06 | Crear | Villager (Male) |
| 10:07 | Investigar | Feudal Age |
| 10:14 | Construir | Mining Camp |
| 12:37 | Crear | Villager (Male) |
| 12:38 | Crear | Villager (Male) |
| 12:45 | Edad | Edad Feudal |
| 12:49 | Construir | Market |
| 12:54 | Construir | Blacksmith |
| 13:39 | Investigar | Castle Age |
| 13:39 | Investigar | Castle Age |
| 13:40 | Investigar | Castle Age |
| 14:05 | Investigar | Horse Collar |
| 14:27 | Investigar | Fletching |
| 14:36 | Construir | Barracks |
| 15:48 | Crear | Villager (Male) |
| 16:19 | Edad | Edad de los Castillos |
| 16:48 | Crear | Villager (Male) |
| 16:49 | Crear | Villager (Male) |
| 17:11 | Construir | Castle |
| 17:30 | Crear | Villager (Male) |
| 17:47 | Construir | Palisade Wall |
| 17:55 | Construir | Palisade Gate |
| 18:11 | Crear | Villager (Male) |
| 18:11 | Crear | Villager (Male) |
| 18:18 | Construir | Palisade Wall |
| 18:27 | Construir | Lumber Camp |
| 18:29 | Crear | Villager (Male) |
| 18:30 | Crear | Villager (Male) |
| 18:43 | Construir | House |
| 18:44 | Construir | House |
| 18:45 | Construir | House |
| 19:05 | Crear | Arambai |
| 19:05 | Crear | Arambai |
| 19:05 | Crear | Arambai |
| 19:05 | Crear | Arambai |
| 19:13 | Construir | Mining Camp |
| 19:14 | Crear | Arambai |
| 19:15 | Crear | Arambai |
| 19:15 | Crear | Arambai |
| 19:15 | Crear | Arambai |
| 19:57 | Crear | Villager (Male) |
| 20:04 | Construir | Farm |
| 20:05 | Crear | Villager (Male) |
| 20:12 | Crear | Arambai |
| 20:12 | Crear | Arambai |
| 20:12 | Crear | Arambai |
| 20:12 | Crear | Arambai |
| 20:42 | Crear | Arambai |
| 20:45 | Crear | Villager (Male) |
| 20:55 | Construir | Stone Wall |
| 20:57 | Construir | Stone Wall |
| 20:58 | Construir | Stone Wall |
| 21:03 | Crear | Arambai |
| 21:03 | Crear | Arambai |
| 21:03 | Crear | Arambai |
| 21:07 | Crear | Villager (Male) |
| 21:14 | Crear | Villager (Male) |
| 21:23 | Construir | Mining Camp |
| 21:27 | Construir | Mining Camp |
| 21:31 | Crear | Arambai |
| 21:31 | Crear | Arambai |
| 21:31 | Crear | Arambai |
| 21:31 | Crear | Arambai |
| 21:32 | Crear | Arambai |
| 21:47 | Construir | Castle |
| 21:54 | Crear | Arambai |
| 21:54 | Crear | Arambai |
| 22:03 | Construir | Stable |
| 22:06 | Crear | Villager (Male) |
| 22:23 | Investigar | Padded Archer Armor |
| 22:25 | Investigar | Heavy Plow |
| 22:28 | Investigar | Gold Mining |
| 22:37 | Crear | Arambai |
| 22:37 | Crear | Arambai |
| 22:50 | Crear | Arambai |
| 23:06 | Crear | Villager (Male) |
| 23:06 | Crear | Villager (Male) |
| 23:15 | Crear | Arambai |
| 23:16 | Crear | Arambai |
| 23:16 | Crear | Arambai |
| 23:39 | Crear | Arambai |
| 23:40 | Crear | Arambai |
| 23:40 | Crear | Arambai |
| 23:40 | Crear | Arambai |
| 23:40 | Crear | Arambai |
| 23:46 | Crear | Villager (Male) |
| 23:55 | Construir | Siege Workshop |
| 24:00 | Crear | Arambai |
| 24:00 | Crear | Arambai |
| 24:00 | Crear | Arambai |
| 24:05 | Crear | Arambai |
| 24:05 | Crear | Arambai |
| 24:06 | Crear | Arambai |
| 24:06 | Crear | Arambai |
| 24:08 | Crear | Villager (Male) |
| 24:08 | Crear | Villager (Male) |
| 24:09 | Crear | Villager (Male) |
| 24:09 | Crear | Villager (Male) |
| 24:09 | Crear | Villager (Male) |
Cronología de la partida
| 7:49 | OPOSSUM · wall_segment Palisade Wall x1 |
| 7:52 | OPOSSUM · wall_segment Palisade Wall x1 |
| 7:57 | OPOSSUM · wall_segment Palisade Wall x1 |
| 7:59 | OPOSSUM · wall_segment Palisade Wall x1 |
| 8:02 | Ginger lee fondle your meatballs · age_up feudal |
| 8:02 | OPOSSUM · wall_segment Palisade Wall x1 |
| 8:58 | Sun · wall_segment Palisade Wall x6 |
| 9:03 | Sun · wall_segment Palisade Wall x1 |
| 9:07 | OPOSSUM · wall_segment Palisade Wall x4 |
| 9:41 | Hiiki · age_up feudal |
| 9:47 | OPOSSUM · age_up feudal |
| 10:02 | Sun · wall_segment Palisade Wall x5 |
| 10:08 | 别打我 · age_up feudal |
| 10:32 | Sun · age_up feudal |
| 10:34 | Hiiki · first_market_sell 100 wood |
| 10:36 | RomerAge · age_up feudal |
| 11:06 | Sun · wall_segment Palisade Wall x1 |
| 11:06 | Sun · wall_segment Palisade Wall x1 |
| 11:54 | Sun · first_market_sell 100 stone |
| 12:08 | Sun · first_market_buy 100 food |
| 12:45 | EpicSprout · age_up feudal |
| 13:01 | Hiiki · first_market_buy 100 wood |
| 13:02 | OPOSSUM · wall_segment Stone Wall x1 |
| 13:14 | Hiiki · age_up castle |
| 13:45 | RomerAge · age_up castle |
| 13:47 | 别打我 · age_up castle |
| 14:05 | Ginger lee fondle your meatballs · wall_segment Stone Wall x1 |
| 14:07 | Ginger lee fondle your meatballs · wall_segment Stone Wall x1 |
| 14:09 | Ginger lee fondle your meatballs · wall_segment Stone Wall x1 |
| 14:36 | EpicSprout · first_building Barracks |
| 14:48 | Ginger lee fondle your meatballs · wall_segment Palisade Wall x1 |
| 14:50 | Ginger lee fondle your meatballs · wall_segment Palisade Wall x2 |
| 14:58 | Sun · age_up castle |
| 15:03 | Sun · first_building Siege Workshop |
| 15:07 | Ginger lee fondle your meatballs · wall_segment Palisade Wall x1 |
| 15:13 | Ginger lee fondle your meatballs · wall_segment Palisade Wall x1 |
| 15:54 | Hiiki · first_building Monastery |
| 16:04 | Linkn00 · wall_segment Palisade Wall x1 |
| 16:19 | EpicSprout · age_up castle |
| 16:51 | Linkn00 · wall_segment Palisade Wall x1 |
| 17:11 | EpicSprout · first_building Castle |
| 17:25 | RomerAge · first_building Stable |
| 17:36 | 别打我 · first_building Monastery |
| 17:47 | EpicSprout · wall_segment Palisade Wall x1 |
| 17:48 | Sun · first_building Monastery |
| 18:00 | EpicSprout · tribute_sent a jugador 1 |
| 18:00 | EpicSprout · tribute_sent a jugador 2 |
| 18:00 | EpicSprout · tribute_sent a jugador 3 |
| 18:00 | EpicSprout · tribute_sent a jugador 4 |
| 18:00 | EpicSprout · tribute_sent a jugador 5 |
| 18:00 | EpicSprout · tribute_sent a jugador 6 |
| 18:00 | EpicSprout · tribute_sent a jugador 8 |
| 18:18 | EpicSprout · wall_segment Palisade Wall x1 |
| 18:28 | Linkn00 · wall_segment Palisade Wall x1 |
| 18:31 | Linkn00 · wall_segment Palisade Wall x1 |
| 18:42 | Ginger lee fondle your meatballs · first_building Barracks |
| 19:18 | Ginger lee fondle your meatballs · first_market_sell 100 stone |
| 19:46 | EpicSprout · tribute_sent a jugador 1 |
| 19:46 | EpicSprout · tribute_sent a jugador 2 |
| 19:46 | EpicSprout · tribute_sent a jugador 3 |
| 19:46 | EpicSprout · tribute_sent a jugador 4 |
| 19:46 | EpicSprout · tribute_sent a jugador 5 |
| 19:46 | EpicSprout · tribute_sent a jugador 6 |
| 19:46 | EpicSprout · tribute_sent a jugador 8 |
| 20:55 | EpicSprout · wall_segment Stone Wall x6 |
| 20:57 | EpicSprout · wall_segment Stone Wall x1 |
| 20:58 | EpicSprout · wall_segment Stone Wall x1 |
| 21:03 | RomerAge · first_building Monastery |
| 21:21 | OPOSSUM · wall_segment Palisade Wall x1 |
| 21:23 | OPOSSUM · wall_segment Palisade Wall x1 |
| 21:25 | OPOSSUM · wall_segment Palisade Wall x1 |
| 22:00 | Hiiki · first_building Barracks |
| 22:01 | Ginger lee fondle your meatballs · age_up castle |
| 22:01 | Linkn00 · wall_segment Palisade Wall x1 |
| 22:03 | EpicSprout · first_building Stable |
| 23:28 | Hiiki · first_building Castle |
| 23:55 | EpicSprout · first_building Siege Workshop |
| 23:59 | Linkn00 · age_up feudal |
| 24:10 | Hiiki · first_building Stable |
| 24:26 | 别打我 · first_building Castle |
| 24:34 | Sun · wall_segment Stone Wall x5 |
| 24:51 | 别打我 · wall_segment Palisade Wall x1 |
| 24:53 | 别打我 · wall_segment Palisade Wall x1 |
| 24:57 | 别打我 · wall_segment Palisade Wall x1 |
| 25:08 | RomerAge · tribute_sent a jugador 1 |
| 25:08 | RomerAge · tribute_sent a jugador 2 |
| 25:08 | RomerAge · tribute_sent a jugador 3 |
| 25:08 | RomerAge · tribute_sent a jugador 4 |
| 25:08 | RomerAge · tribute_sent a jugador 5 |
| 25:08 | RomerAge · tribute_sent a jugador 6 |
| 25:08 | RomerAge · tribute_sent a jugador 7 |
| 25:11 | RomerAge · first_market_sell 100 food |
| 25:30 | RomerAge · first_market_buy 100 wood |
| 25:40 | OPOSSUM · wall_segment Stone Wall x1 |
| 25:41 | OPOSSUM · wall_segment Stone Wall x1 |
| 25:43 | OPOSSUM · wall_segment Stone Wall x1 |
| 25:50 | 别打我 · first_market_sell 100 food |
| 26:02 | 别打我 · first_building Barracks |
| 26:17 | Ginger lee fondle your meatballs · tribute_sent a jugador 1 |
| 26:17 | Ginger lee fondle your meatballs · tribute_sent a jugador 2 |
| 26:17 | Ginger lee fondle your meatballs · tribute_sent a jugador 4 |
| 26:17 | Ginger lee fondle your meatballs · tribute_sent a jugador 5 |
| 26:17 | Ginger lee fondle your meatballs · tribute_sent a jugador 6 |
| 26:17 | Ginger lee fondle your meatballs · tribute_sent a jugador 7 |
| 26:17 | Ginger lee fondle your meatballs · tribute_sent a jugador 8 |
| 26:40 | Hiiki · age_up imperial |
| 27:16 | RomerAge · first_building Castle |
| 27:32 | 别打我 · first_building Archery Range |
| 27:35 | Hiiki · first_building Siege Workshop |
| 27:55 | Hiiki · first_building Archery Range |
| 28:33 | RomerAge · age_up imperial |
| 29:00 | 别打我 · age_up imperial |
| 29:05 | 别打我 · first_building Stable |
| 29:13 | Sun · wall_segment Stone Wall x1 |
| 30:01 | 别打我 · first_building Siege Workshop |
| 30:57 | RomerAge · first_building Siege Workshop |
| 31:06 | EpicSprout · first_market_buy 100 food |
| 31:20 | Ginger lee fondle your meatballs · first_building Castle |
| 31:52 | Hiiki · tribute_sent a jugador 2 |
| 31:52 | Hiiki · tribute_sent a jugador 3 |
| 31:52 | Hiiki · tribute_sent a jugador 4 |
| 31:52 | Hiiki · tribute_sent a jugador 5 |
| 31:52 | Hiiki · tribute_sent a jugador 6 |
| 31:52 | Hiiki · tribute_sent a jugador 7 |
| 31:52 | Hiiki · tribute_sent a jugador 8 |
| 32:14 | EpicSprout · tribute_sent a jugador 1 |
| 32:14 | EpicSprout · tribute_sent a jugador 2 |
| 32:14 | EpicSprout · tribute_sent a jugador 3 |
| 32:14 | EpicSprout · tribute_sent a jugador 4 |
| 32:14 | EpicSprout · tribute_sent a jugador 5 |
| 32:14 | EpicSprout · tribute_sent a jugador 6 |
| 32:14 | EpicSprout · tribute_sent a jugador 8 |
| 32:18 | Ginger lee fondle your meatballs · tribute_sent a jugador 1 |
| 32:18 | Ginger lee fondle your meatballs · tribute_sent a jugador 2 |
| 32:18 | Ginger lee fondle your meatballs · tribute_sent a jugador 4 |
| 32:18 | Ginger lee fondle your meatballs · tribute_sent a jugador 5 |
| 32:18 | Ginger lee fondle your meatballs · tribute_sent a jugador 6 |
| 32:18 | Ginger lee fondle your meatballs · tribute_sent a jugador 7 |
| 32:18 | Ginger lee fondle your meatballs · tribute_sent a jugador 8 |
| 32:34 | Ginger lee fondle your meatballs · wall_segment Stone Wall x10 |
| 32:38 | Ginger lee fondle your meatballs · wall_segment Stone Wall x9 |
| 32:45 | Ginger lee fondle your meatballs · wall_segment Stone Wall x1 |
| 32:47 | Ginger lee fondle your meatballs · wall_segment Stone Wall x6 |
| 33:33 | Ginger lee fondle your meatballs · wall_segment Stone Wall x1 |
| 33:34 | EpicSprout · first_market_sell 100 wood |
| 33:36 | Ginger lee fondle your meatballs · wall_segment Stone Wall x11 |
| 34:18 | Ginger lee fondle your meatballs · wall_segment Stone Wall x4 |
| 34:19 | Ginger lee fondle your meatballs · wall_segment Stone Wall x4 |
| 34:33 | EpicSprout · wall_segment Stone Wall x1 |
| 34:43 | EpicSprout · wall_segment Stone Wall x1 |
| 34:48 | EpicSprout · wall_segment Stone Wall x1 |
| 35:49 | Linkn00 · age_up castle |
| 36:11 | Ginger lee fondle your meatballs · first_building Siege Workshop |
| 36:16 | Hiiki · wall_segment Stone Wall x1 |
| 36:17 | Hiiki · wall_segment Stone Wall x1 |
| 38:18 | EpicSprout · resign |
| 38:50 | OPOSSUM · first_market_sell 100 stone |
| 39:28 | RomerAge · tribute_sent a jugador 1 |
| 39:28 | RomerAge · tribute_sent a jugador 2 |
| 39:28 | RomerAge · tribute_sent a jugador 3 |
| 39:28 | RomerAge · tribute_sent a jugador 4 |
| 39:28 | RomerAge · tribute_sent a jugador 5 |
| 39:28 | RomerAge · tribute_sent a jugador 6 |
| 39:28 | RomerAge · tribute_sent a jugador 7 |
| 42:04 | OPOSSUM · age_up castle |
| 42:24 | OPOSSUM · first_market_buy 100 wood |
| 42:26 | OPOSSUM · first_building Barracks |
| 42:34 | 别打我 · first_market_buy 100 stone |
| 43:10 | Sun · first_building Barracks |
| 43:16 | OPOSSUM · first_building Archery Range |
| 43:39 | Sun · first_building Archery Range |
| 43:39 | Linkn00 · first_market_buy 100 wood |
| 43:48 | Ginger lee fondle your meatballs · age_up imperial |
| 44:58 | RomerAge · tribute_sent a jugador 1 |
| 44:58 | RomerAge · tribute_sent a jugador 2 |
| 44:58 | RomerAge · tribute_sent a jugador 3 |
| 44:58 | RomerAge · tribute_sent a jugador 4 |
| 44:58 | RomerAge · tribute_sent a jugador 5 |
| 44:58 | RomerAge · tribute_sent a jugador 6 |
| 44:58 | RomerAge · tribute_sent a jugador 7 |
| 46:26 | Linkn00 · first_building Barracks |
| 47:12 | RomerAge · tribute_sent a jugador 1 |
| 47:12 | RomerAge · tribute_sent a jugador 2 |
| 47:12 | RomerAge · tribute_sent a jugador 3 |
| 47:12 | RomerAge · tribute_sent a jugador 4 |
| 47:12 | RomerAge · tribute_sent a jugador 5 |
| 47:12 | RomerAge · tribute_sent a jugador 6 |
| 47:12 | RomerAge · tribute_sent a jugador 7 |
| 47:23 | 别打我 · tribute_sent a jugador 1 |
| 47:23 | 别打我 · tribute_sent a jugador 2 |
| 47:23 | 别打我 · tribute_sent a jugador 3 |
| 47:23 | 别打我 · tribute_sent a jugador 5 |
| 47:23 | 别打我 · tribute_sent a jugador 6 |
| 47:23 | 别打我 · tribute_sent a jugador 7 |
| 47:23 | 别打我 · tribute_sent a jugador 8 |
| 47:28 | Ginger lee fondle your meatballs · first_market_buy 100 wood |
| 47:48 | Linkn00 · first_building Archery Range |
| 48:13 | Sun · age_up imperial |
| 48:28 | OPOSSUM · wall_segment Stone Wall x14 |
| 49:16 | Sun · first_building Stable |
| 49:30 | 别打我 · tribute_sent a jugador 1 |
| 49:30 | 别打我 · tribute_sent a jugador 2 |
| 49:30 | 别打我 · tribute_sent a jugador 3 |
| 49:30 | 别打我 · tribute_sent a jugador 5 |
| 49:30 | 别打我 · tribute_sent a jugador 6 |
| 49:30 | 别打我 · tribute_sent a jugador 7 |
| 49:30 | 别打我 · tribute_sent a jugador 8 |
| 50:49 | RomerAge · tribute_sent a jugador 1 |
| 50:49 | RomerAge · tribute_sent a jugador 2 |
| 50:49 | RomerAge · tribute_sent a jugador 3 |
| 50:49 | RomerAge · tribute_sent a jugador 4 |
| 50:49 | RomerAge · tribute_sent a jugador 5 |
| 50:49 | RomerAge · tribute_sent a jugador 6 |
| 50:49 | RomerAge · tribute_sent a jugador 7 |
| 50:54 | Sun · first_building Castle |
[ ANÁLISIS IA · 1 CRÉDITO ]
¿Qué pasó realmente en esta partida?
Wolo.gg analiza cada decisión: build order, eco, micro, errores típicos por bracket. Análisis personalizado por WhatsApp o Discord en 30 segundos.
Guía civ
Jemeres
Perfil
Jugador #10243038